 Dungeon Crawl Stone Soup version 0.29-a0-982-gaed3a0c8d8 (webtiles) character file.

Game seed: 5809051347996086711

208 MisterAzrael the Magician (level 5, -2/28 HPs)
             Began as a Deep Elf Hedge Wizard on Aug 2, 2022.
             Slain by a hound (5 damage)
             ... on level 4 of the Dungeon.
             The game lasted 00:05:51 (3989 turns).

MisterAzrael the Magician (Deep Elf Hedge Wizard)   Turns: 3989, Time: 00:05:52

Health: -2/28      AC:  2    Str:  7    XL:     5   Next: 55%
Magic:  13/14      EV: 13    Int: 21    God:
Gold:   190        SH:  0    Dex: 14    Spells: 4/14 levels left

rFire   . . .      SeeInvis .   a - +0 dagger
rCold   . . .      Faith    .   (no shield)
rNeg    . . .      Spirit   .   b - +0 robe
rPois   +          Reflect  .   c - +0 hat
rElec   .          Harm     .   (no cloak)
rCorr   .          Rampage  .   (no gloves)
Will    .....                   (no boots)
Stlth   ++........              e - amulet of the acrobat
HPRegen 0.09/turn               (no ring)
MPRegen 0.14/turn               (no ring)

@: no status effects
A: poison resistance, subdued magic 1, MP-powered wands
a: no special abilities


You were on level 4 of the Dungeon.
You visited 1 branch of the dungeon, and saw 4 of its levels.

You collected 190 gold pieces.

Inventory:

Hand Weapons
 a - a +0 dagger (weapon)
Armour
 b - a +0 robe (worn)
 c - a +0 hat (worn)
Jewellery
 e - an amulet of the acrobat (around neck)
Wands
 m - a wand of roots (1)
Scrolls
 f - 2 scrolls of poison {unknown}
 h - a scroll of butterflies {unknown}
 i - a scroll of fear {unknown}
 j - 2 scrolls of vulnerability {unknown}
 k - 2 scrolls of teleportation {unknown}
 n - 4 scrolls of identify {unknown}
Potions
 d - a potion of magic
 l - a potion of degeneration {unknown}
 o - a potion of flight {unknown}


   Skills:
 + Level 3.3 Dodging
 + Level 3.5 Stealth
 + Level 5.3 Spellcasting
 * Level 3.3 Conjurations
 - Level 1.3 Hexes
 - Level 1.2 Summonings
 - Level 1.2 Translocations
 + Level 1.5 Air Magic
 + Level 1.2 Poison Magic


You had 4 spell levels left.
You knew the following spells:

 Your Spells              Type           Power      Damage    Failure   Level
a - Magic Dart            Conj           60%        1d6       1%          1
b - Slow                  Hex            32%        N/A       4%          1
c - Call Imp              Summ           8%         N/A       8%          2
d - Mephitic Cloud        Conj/Pois/Air  10%        N/A       12%         3
e - Stone Arrow           Conj/Erth      18%        3d8       13%         3

Your spell library contained the following spells:

 Spells                   Type           Power      Damage    Failure   Level
 Summon Small Mammal      Summ           32%        N/A       4%          1
 Blink                    Tloc           16%        N/A       8%          2
 Sandblast                Erth           8%         2d5       9%          1
 Passwall                 Tmut/Erth      3%         N/A       13%         2
 Conjure Flame            Conj/Fire      9%         6-21      13%         3
 Call Canine Familiar     Summ           8%         N/A       16%         3
 Summon Guardian Golem    Hex/Summ       8%         N/A       16%         3


Dungeon Overview and Level Annotations

Branches:
Dungeon (4/15)
 Temple: D:4-7

Altars:

Shops:
D:1 =

Annotations:
D:2 1 runed translucent door, Crazy Yiuf


Innate Abilities, Weirdness & Mutations

Your system is resistant to poisons. (rPois)
Your spells are a little easier to cast, but a little less powerful.
You expend magic power (3 MP) to strengthen your wands.


Message History

The adder attacks as you move away! The adder closely misses you.
You feel sick. The hound bites you. The kobold attacks as you move away!
The kobold completely misses you.
You feel sick. The adder attacks as you move away! The adder barely misses you.
You feel sick. The adder completely misses you.
You feel sick.
Casting: Slow (safe; 6% risk of failure)
Confirm with . or Enter, or press ? or * to list all spells.
Aiming: Slow (safe; 6% risk of failure)
Press: ? - help, Shift-Dir - straight line, f/p - hobgoblin
Aim: a hobgoblin (chance to affect: 67%)
The adder resists with significant effort.
You feel sick. The adder misses you.
Found 8 gold pieces.
You feel sick. The adder completely misses you.
You feel sick.
You are no longer poisoned.
The adder misses you.
Casting: Slow (safe; 6% risk of failure)
Confirm with . or Enter, or press ? or * to list all spells.
Aiming: Slow (safe; 6% risk of failure)
Press: ? - help, Shift-Dir - straight line, f/p - hobgoblin
Aim: a hobgoblin (chance to affect: 67%)
The adder seems to slow down.
The hound is no longer moving slowly.
The hound attacks as you move away! The hound bites you.
* * * LOW HITPOINT WARNING * * *
A kobold comes into view. It is wielding a +0 short sword.
The hound completely misses you. The hound attacks as you move away!
The hound bites you.
* * * LOW HITPOINT WARNING * * *
The kobold shouts!
A quokka comes into view.
The hound attacks as you move away! The hound barely misses you.
The kobold throws a stone.
The stone barely misses you. The hound completely misses you.
It was a potion of mutation.
You feel extremely strange.
You feel resistant to poisons.
Your connection to magic feels subdued.
You feel your magical essence link to the dungeon's wands.
The hound bites you.
You die...

......
#.####
......
#....#
......
#g...####
.....
#l.......
#K.......
#o.......
#S.......
#h.......
#@S......
#$.......
#........
..r......
#.###K...
..# ....
..# ###
..#


You could see an iguana, a hound, 2 adders, an orc, a quokka (wandering), a
hobgoblin and 2 kobolds.

Vanquished Creatures
  An ogre (D:4)
  3 adders (D:3)
  3 worms
  3 dart slugs
  An orc (D:3)
  4 bats
  8 endoplasms
  2 giant cockroaches
  6 goblins
  4 hobgoblins
  A quokka (D:2)
  5 ball pythons
  5 frilled lizards
  6 kobolds
  8 rats
60 creatures vanquished.

Vanquished Creatures (collateral kills)
  An adder (D:3)
  2 orcs (D:4)
  An endoplasm (D:3)
  A giant cockroach (D:3)
  2 hobgoblins
  A quokka (D:3)
  2 kobolds
  A rat (D:1)
11 creatures vanquished.

Vanquished Creatures (others)
  2 plants (D:4)
2 creatures vanquished.

Grand Total: 73 creatures vanquished

Notes
Turn   | Place    | Note
-------+----------+-------------------------------------------
     0 | D:1      | MisterAzrael the Deep Elf Hedge Wizard began the quest for
                  | the Orb.
     0 | D:1      | Reached XP level 1. HP: 10/10 MP: 7/7
    30 | D:1      | Learned a level 1 spell: Slow
   230 | D:1      | Reached XP level 2. HP: 5/15 MP: 0/9
   716 | D:1      | Reached skill level 1 in Hexes
   912 | D:1      | Reached XP level 3. HP: 19/19 MP: 6/11
   920 | D:1      | Learned a level 2 spell: Call Imp
  1030 | D:1      | Found Penteley's Jewellery Shop.
  1482 | D:2      | Found a runed translucent door.
  1483 | D:2      | Noticed Crazy Yiuf
  1575 | D:2      | Learned a level 3 spell: Mephitic Cloud
  2110 | D:2      | Found a faded altar of an unknown god.
  2949 | D:3      | Reached skill level 5 in Spellcasting
  2949 | D:3      | Reached XP level 4. HP: 20/24 MP: 10/13
  3084 | D:3      | Learned a level 3 spell: Stone Arrow
  3492 | D:3      | Reached skill level 1 in Air Magic
  3822 | D:4      | Noticed an ogre
  3828 | D:4      | Killed an ogre
  3829 | D:4      | Reached skill level 1 in Poison Magic
  3829 | D:4      | Reached XP level 5. HP: 28/28 MP: 5/14
  3989 | D:4      | Gained mutation: Your system is resistant to poisons.
                  | (rPois) [potion of mutation]
  3989 | D:4      | Gained mutation: Your spells are a little easier to cast,
                  | but a little less powerful. [potion of mutation]
  3989 | D:4      | Gained mutation: You expend magic power (3 MP) to
                  | strengthen your wands. [potion of mutation]
  3989 | D:4      | Slain by a hound

Illustrated notes

Levels and vault maps discovered:
D:1:      dpeg_arrival_rooms_c, layout_rooms, serial_shops, shop
D:2:      layout_basic, chequers_ecumenical_altar_grove, uniq_crazy_yiuf_cottage
D:3:      layout_basic, nicolae_eternal_life
D:4:      layout_basic, serial_bayou_pond_c, st_stairs_5

Skill      XL: |  1  2  3  4 |
---------------+-------------+-----
Hexes          | 1 |  1.3
Conjurations   | 2 3 |  3.3
Stealth        | 3 |  3.5
Dodging        | 3 |  3.3
Spellcasting   | 5 |  5.3
Air Magic      | 1 |  1.5
Poison Magic   | 1 |  1.2
Summonings     | |  1.2
Translocations | |  1.2

Action                   |  1- 3 |  4- 6 || total
-------------------------+-------+-------++-------
Melee: Dagger            |     7 |     3 ||    10
       Punch             |     1 |       ||     1
 Cast: Magic Dart        |   124 |    33 ||   157
       Call Imp          |     6 |     5 ||    11
       Slow              |     1 |     4 ||     5
       Stone Arrow       |       |     3 ||     3
  Use: Potion            |       |     1 ||     1
Armor: Robe              |     2 |     3 ||     5
Dodge: Dodged            |    16 |    71 ||    87

Table legend: (Time is in decaauts)
 A = Elapsed time spent in this place.
 B = Non-inter-level travel time spent in this place.
 C = Inter-level travel time spent in this place.
 D = Time resting spent in this place.
 E = Time spent auto-exploring this place.
 F = Levels seen in this place.
 G = Mean time per level.
                   A        B        C        D        E       F      G
               +--------+--------+--------+--------+--------+-----+--------+
         Total |   3988 |   3908 |     80 |    176 |   3256 |   4 |  997.0 |
       Dungeon |   3988 |   3908 |     80 |    176 |   3256 |   4 |  997.0 |
               +--------+--------+--------+--------+--------+-----+--------+

Top non-repeatable levels by time:
     D:1: 1379 daAuts
     D:2: 1367 daAuts
     D:3: 1050 daAuts
     D:4: 190 daAuts
